 Dungeon Sprint DCSS version 0.31-a0-1074-g0b22e4e0f1 (webtiles) character file.

Game seed: 5959491914420926746

1533 sircluck the Grappler (level 8, -4/139 HPs)
             Began as a Troll Berserker on Nov 27, 2023.
             Was a High Priest of Trog.
             Slain by a shadow wraith (13 damage)
             ... in the Dungeon (Sprint VII: "The Pits").
             The game lasted 00:04:04 (648 turns).

sircluck the Grappler (Troll Berserker)              Turns: 648, Time: 00:04:06

Health: -4/139     AC:  8    Str: 28    XL:     8   Next: 55%
Magic:  7/7        EV: 15    Int:  3    God:    Trog [*****.]
Gold:   0          SH:  0    Dex:  9    Spells: 7/7 levels left

rFire   . .          .
                       - Unarmed
rCold   . . .        (no shield)
rNeg    . . .        a - +0 animal skin
rPois   .            (helmet restricted)
rElec   .            o - +0 cloak
rCorr   .            (gloves unavailable)
SInv    .            (boots unavailable)
Will    .....        (no amulet) Stlth
                     l - +3 ring of evasion
HPRegen 1.23/turn    m - +3 ring of protection
MPRegen 0.10/turn

%: no teleportation
@: berserking, slowed
A: large, unfitting armour, claws 3, regeneration 1, shaggy fur 1, tough skin 1
a: Renounce Religion, Berserk, Trog's Hand, Brothers in Arms


You were in the Dungeon.
You worshipped Trog.
Trog was extremely pleased with you.
You visited 1 branch

Inventory:

Missiles
 k - 10 stones
Armour
 a - a +0 animal skin (worn)
 o - a +0 cloak (worn)
Jewellery
 l - a +3 ring of evasion (left claw)
 m - a +3 ring of protection (right claw)
Scrolls
 g - a scroll of blinking
 i - 2 scrolls of vulnerability
 j - a scroll of summoning
Potions
 b - 8 potions of curing
 c - 12 potions of heal wounds
 d - a potion of haste
 e - 4 potions of magic
 f - 5 potions of berserk rage
 h - 2 potions of invisibility
 n - a potion of might


   Skills:
 + Level 9.9 Fighting
 + Level 9.7 Dodging
 + Level 11.5 Unarmed Combat


You had 7 spell levels left.
You didn't know any spells.
Your spell library was empty.

Dungeon Overview and Level Annotations

Branches:
Dungeon (1/1)

Altars:
Ashenzari
Cheibriados
Dithmenos
Elyvilon
Fedhas
Gozag
Hepliaklqana
Kikubaaqudgha
Makhleb
Nemelex Xobeh
Okawaru
Qazlal
Ru
Sif Muna
Trog
Uskayaw
Vehumet
Wu Jian
Xom
Yredelemnul
Zin
The Shining One
Jiyva
Lugonu


Innate Abilities, Weirdness & Mutations

You are too large for most types of armour.
You have claws for hands.
Your natural rate of healing is unusually fast.
You are covered in fur. (AC +1)
You have tough skin. (AC +1)


Message History

The ufetubus closely misses you. The ufetubus barely misses you.
You claw the ufetubus!
You kill the ufetubus!
Trog accepts your kill.
A shadow comes into view.
Something hits you! Something drains your vigour!
You feel yourself slow down.
Deactivating autopickup; reactivate with Ctrl-A.
Something hits you! Something drains your vigour!
You feel as though you will be slow longer.
Something hits you. Something drains your vigour!
You feel as though you will be slow longer.
Something hits you! Something drains your vigour!
You feel as though you will be slow longer.
Something hits you. Something hits you!
The shadow slips into darkness.
The shadow flickers and vanishes!
Something hits you! Something drains your vigour!
You feel as though you will be slow longer.
There is an open door to the Storerooms (Easy), spattered with blood here.
The shadow strikes at you from the darkness!
* * * LOW HITPOINT WARNING * * *
Reactivating autopickup.
Something hits you but does no damage.
Deactivating autopickup; reactivate with Ctrl-A.
You scratch the shadow but do no damage.
Your claw misses the shadow. The shadow hits you.
* * * LOW HITPOINT WARNING * * *
Something hits you!
* * * LOW HITPOINT WARNING * * *
Unknown command.
Unknown command.
A red film seems to cover your vision as you go berserk!
You feel yourself moving faster!
You feel mighty! The shadow barely misses you. Something hits you.
* * * LOW HITPOINT WARNING * * *
Something drains your vigour!
You feel as though you will be slow longer.
The shadow completely misses you. Something hits you!
You die...

############ #_________.#
#_________.#
#_______...###########++####
##########'##...............
#.?..')))'.##......#..#.....
##########.##...............
#..........@W...............
#'#####)#####......#..#.....
#[#..#..#..##...............
#.#.)'..#))#####'#####''####
#.#..####))##.......##''#
#.#..#..#))##.......##....
#.#..#..#[[##.......##...##
#.##'#).#'###...<...##..##
#.#........##.......##..#


You could see a shadow.

Vanquished Creatures
  A boulder beetle (D)
  An efreet (D)
  Edmund (D)
  A black bear (D)
  An ogre (D)
  A bullfrog (D)
  2 necrophages (D)
  A gnoll sergeant (D)
  A scorpion (D)
  An iron imp (D)
  An iguana (D)
  2 gnolls (D)
  An adder (D)
  A river rat (D)
  3 ufetubi (D)
  A ball python (D)
  An endoplasm (D)
  3 kobolds (D)
  A quokka (D)
  A frilled lizard (D)
26 creatures vanquished.

Notes
Turn   | Place    | Note
-------+----------+-------------------------------------------
     0 | D        | sircluck the Troll Berserker began the quest for the Orb.
     0 | D        | Reached XP level 1. HP: 22/22 MP: 0/0
    24 | D        | Found a bloodstained altar of Trog.
    24 | D        | Found a shimmering blue altar of Sif Muna.
    24 | D        | Found a viscous altar of Jiyva.
    24 | D        | Found a hazy altar of Hepliaklqana.
    24 | D        | Found an opulent altar of Gozag.
    25 | D        | Found a glowing golden altar of the Shining One.
    25 | D        | Found a glowing silver altar of Zin.
    25 | D        | Found a basalt altar of Yredelemnul.
    25 | D        | Found a shimmering altar of Xom.
    25 | D        | Found an ornate altar of the Wu Jian Council.
    25 | D        | Found a sacrificial altar of Ru.
    25 | D        | Found a stormy altar of Qazlal.
    25 | D        | Found an iron altar of Okawaru.
    25 | D        | Found a sparkling altar of Nemelex Xobeh.
    25 | D        | Found a burning altar of Makhleb.
    25 | D        | Found a blossoming altar of Fedhas.
    25 | D        | Found a white marble altar of Elyvilon.
    25 | D        | Found a shadowy altar of Dithmenos.
    25 | D        | Found a snail-covered altar of Cheibriados.
    29 | D        | Found a corrupted altar of Lugonu.
    29 | D        | Found a radiant altar of Vehumet.
    30 | D        | Found a broken altar of Ashenzari.
    30 | D        | Found an ancient bone altar of Kikubaaqudgha.
    30 | D        | Found a hide-covered altar of Uskayaw.
    97 | D        | Noticed a scorpion
   105 | D        | Killed a scorpion
   105 | D        | Reached ** piety under Trog
   106 | D        | Reached skill level 5 in Unarmed Combat
   106 | D        | Reached XP level 2. HP: 30/33 MP: 1/1
   106 | D        | Reached XP level 3. HP: 37/40 MP: 2/2
   134 | D        | Reached *** piety under Trog
   135 | D        | Reached XP level 4. HP: 41/49 MP: 3/3
   147 | D        | Noticed an ogre
   154 | D        | Killed an ogre
   155 | D        | Reached skill level 5 in Fighting
   155 | D        | Reached skill level 5 in Dodging
   155 | D        | Reached skill level 6 in Unarmed Combat
   155 | D        | Reached XP level 5. HP: 45/58 MP: 4/4
   212 | D        | Noticed a black bear
   228 | D        | Killed a black bear
   228 | D        | Reached **** piety under Trog
   229 | D        | Reached skill level 7 in Unarmed Combat
   236 | D        | Reached skill level 8 in Unarmed Combat
   236 | D        | Reached XP level 6. HP: 61/68 MP: 5/5
   245 | D        | Noticed Edmund
   272 | D        | Killed Edmund
   375 | D        | Reached skill level 9 in Unarmed Combat
   421 | D        | Reached XP level 7. HP: 73/79 MP: 6/6
   434 | D        | Reached ***** piety under Trog
   436 | D        | Noticed an efreet
   445 | D        | Killed an efreet
   446 | D        | Reached skill level 10 in Unarmed Combat
   479 | D        | Noticed a boulder beetle
   510 | D        | Killed a boulder beetle
   511 | D        | Reached skill level 11 in Unarmed Combat
   511 | D        | Reached XP level 8. HP: 46/93 MP: 7/7
   512 | D        | Received a gift from Trog
   648 | D        | Slain by a shadow wraith

Illustrated notes

Levels and vault maps discovered:
D:        pitsprint [storerooms_1, entrance_room_1, metal_vault_7, armoury_2,
          mini_pit_1, grid_room_1, main_hall_1, silver_pit, the_coven_1,
          the_vestibule_1, steel_vault_3, golden_pit, hallway_of_sentries,
          crystal_vault_1, iron_vault_2, final_vault]

Skill      XL: |  1  2  3  4  5  6  7 |
---------------+----------------------+-----
Fighting       | 4 5 6 7 9 |  9.9
Dodging        | 4 5 6 7 9 |  9.7
Unarmed Combat | 5 6 8 9 11 | 11.5

Action                     |  1- 3 |  4- 6 |  7- 9 || total
---------------------------+-------+-------+-------++-------
  Melee: Unarmed           |    20 |    36 |    32 ||    88
         Punch             |       |     1 |     2 ||     3
 Invoke: Berserk           |       |     1 |     2 ||     3
   Stab: Sleeping          |     1 |       |     1 ||     2
 Armour: Animal skin       |    14 |    13 |    32 ||    59
  Dodge: Dodged            |     5 |     7 |    22 ||    34

Table legend: (Time is in decaauts)
 A = Elapsed time spent in this place.
 B = Non-inter-level travel time spent in this place.
 C = Inter-level travel time spent in this place.
 D = Time resting spent in this place.
 E = Time spent auto-exploring this place.
 F = Levels seen in this place.
 G = Mean time per level.
                   A        B        C        D        E       F      G
               +--------+--------+--------+--------+--------+-----+--------+
         Total |    659 |    659 |      0 |    144 |    120 |   1 |  659.0 |
       Dungeon |    659 |    659 |      0 |    144 |    120 |   1 |  659.0 |
               +--------+--------+--------+--------+--------+-----+--------+

Top non-repeatable levels by time:
       D: 659 daAuts
